 Dungeon Crawl Stone Soup version 0.26-a0-1040-gbe3abf3417 (webtiles) character file.

Game seed: 6959113464547696869

209 night the Insei (level 5, -1/36 HPs)
             Began as an Octopode Transmuter on Dec 11, 2020.
             Slain by a kobold
             ... wielding a +0 short sword
              (7 damage)
             ... on level 2 of the Dungeon.
             The game lasted 00:06:29 (3002 turns).

night the Insei (Octopode Transmuter)               Turns: 3002, Time: 00:06:30

Health: -1/36      AC:  1    Str:  9    XL:     5   Next: 87%
Magic:  7/8        EV: 13    Int: 16    God:
Gold:   92         SH:  0    Dex: 13    Spells: 0/8 levels left

rFire    . . .     SeeInvis .     - Unarmed
rCold    . . .     Faith    .   (no shield)
rNeg     . . .     Spirit   .   (helmet currently unavailable)
rPois    .         Reflect  .   (no amulet)
rElec    .         Harm     .   d - ring of wizardry
rCorr    .         Rampage  .   (no ring)
Will     .....                  (no ring)
Stlth    ++........             (no ring)
HPRegen  0.12/turn              (no ring)
MPRegen  0.11/turn              (no ring)
                                (no ring)
                                (no ring)

@: appendages
A: almost no armour, stealthy swim, amphibious, 8 rings, constrict 8, tentacle
spike 3, camouflage 1, gelatinous body 1
a: End Transformation


You were on level 2 of the Dungeon.
One of your tentacles had a temporary spike.
You visited 1 branch of the dungeon, and saw 3 of its levels.

You collected 92 gold pieces.

Inventory:

Missiles
 b - 64 stones (quivered)
 j - 7 curare-tipped darts
 l - 42 arrows
Jewellery
 d - a ring of wizardry (left tentacle)
Scrolls
 a - 7 scrolls of identify {unknown}
 c - a scroll of immolation {unknown}
 f - 3 scrolls of remove curse {unknown}
 i - a scroll of enchant armour {unknown}
 k - a scroll of enchant weapon {unknown}
Potions
 e - 3 potions of curing {unknown}
 g - a potion of flight {unknown}
 h - a potion of degeneration {unknown}
 m - a potion of berserk rage {unknown}


   Skills:
 + Level 3.2 Fighting
 - Level 2.0 Dodging
 + Level 4.3 Unarmed Combat
 - Level 2.0 Spellcasting
 + Level 3.7 Transmutations
 + Level 0.1 Ice Magic


You couldn't memorise any spells.
You knew the following spells:

 Your Spells              Type           Power        Failure   Level
a - Beastly Appendage     Tmut           ##....       1%          1
b - Spider Form           Tmut/Pois      #.........   12%         3
c - Ice Form              Ice/Tmut       #.......     34%         4

Your spell library contained the following spells:

 Spells                   Type           Power        Failure   Level
 Wereblood                Tmut           ##......     2%          2
 Blade Hands              Tmut           ##........   43%         5


Dungeon Overview and Level Annotations

Branches:
Dungeon (3/15)

Altars:
Ashenzari
Nemelex Xobeh
Okawaru


Innate Abilities, Weirdness & Mutations

You cannot wear most types of armour.
You are very stealthy in the water. (Stealth+)
You are amphibious.
You can wear up to eight rings at the same time.
You can use your tentacles to constrict eight enemies at once.
Your skin changes colour to match your surroundings (Stealth+).
Your rubbery body absorbs attacks. (AC +1, EV +1)
One of your tentacles bears a large vicious spike.


Message History

The kobold closely misses you. The kobold hits you.
* * * LOW HITPOINT WARNING * * *
You climb upwards.
There is a stone staircase leading down here.
The kobold hits you but does no damage.
The kobold throws a stone.
The stone hits you but does no damage.
You see here a stone.
Casting: Beastly Appendage (safe; 1% risk of failure)
Confirm with . or Enter, or press ? or * to list all spells.
One of your tentacles grows a vicious spike.
The kobold hits you.
* * * LOW HITPOINT WARNING * * *
Unknown command.
You tentacle-slap the kobold.
You kill the kobold!
The kobold throws a stone.
The stone closely misses you. The kobold barely misses you.
You barely miss the kobold. You grab the kobold. You constrict the kobold.
The kobold hits you with a +0 short sword!
You die...

.# #.#####.#.# # .# ###....##.#.#
# .# #......##.#.############ .#
#.#.####....##.......... .#
#.#.........##.########. .#
#.######...###.# #. .# #.# ##.##
#.########.
.#########.######>..###.##.......
..........(....(@K.........#####.
##########.######...###.##### #.
#.# #####..........## #. #.#
#.............†.###. ##########.#
#.########.#.....##.
........##.###.# ##†.⌠........
#######.#.#.##.######.._......###
# #..###..........⌠.⌠....## #
###.#.##.#####.#..#.#.##


You could see a kobold.

Vanquished Creatures
  A bullfrog (D:2)
  Robin (D:2)
  3 gnolls (D:3)
  3 adders
  An ooze (D:3)
  2 worms
  2 dart slugs
  A leopard gecko (D:2)
  A giant cockroach (D:2)
  10 goblins
  9 hobgoblins
  2 jackals (D:2)
  A quokka (D:2)
  2 ball pythons
  6 bats
  2 frilled lizards (D:1)
  8 kobolds
  7 rats
62 creatures vanquished.

Notes
Turn   | Place    | Note
-------+----------+-------------------------------------------
     0 | D:1      | night the Octopode Transmuter began the quest for the Orb.
     0 | D:1      | Reached XP level 1. HP: 13/13 MP: 3/3
   144 | D:1      | Reached XP level 2. HP: 13/18 MP: 5/5
   898 | D:2      | Noticed a bullfrog
   914 | D:2      | Killed a bullfrog
   915 | D:2      | Reached skill level 2 in Fighting
   915 | D:2      | Reached XP level 3. HP: 13/25 MP: 4/6
   915 | D:2      | Reached XP level 4. HP: 16/30 MP: 4/7
   919 | D:2      | Learned a level 3 spell: Spider Form
  1395 | D:2      | Noticed Robin
  1431 | D:2      | Killed Robin
  1432 | D:2      | Reached skill level 4 in Unarmed Combat
  1432 | D:2      | Reached XP level 5. HP: 24/35 MP: 8/8
  1579 | D:2      | Found an iron altar of Okawaru.
  1593 | D:2      | Learned a level 4 spell: Ice Form
  1823 | D:2      | Found a sparkling altar of Nemelex Xobeh.
  2793 | D:3      | Found a broken altar of Ashenzari.
  2999 | D:2      | HP: 5/36 [kobold (3)]
  3002 | D:2      | Slain by a kobold

Illustrated notes

Levels and vault maps discovered:
D:1:      dpeg_arrival_erosion, layout_basic
D:2:      layout_loops_ring, nicolae_overflow_crystal_walls,
          nemelex_xobeh_ov_fountains_minmay, uniq_robin
D:3:      layout_basic, lemuel_round_altar, general_overflow_altar,
          lemuel_doored_altar, minmay_misc_feat_encased,
          minmay_misc_feat_hallway, grunt_decor_one_mirror

Skill      XL: |  1  2  3  4  5 |
---------------+----------------+-----
Fighting       | 2 3 |  3.2
Transmutations | 3 |  3.7
Unarmed Combat | 4 |  4.3
Dodging        | |  2.0
Spellcasting   | |  2.0
Ice Magic      | |  0.1

Action                   |  1- 3 |  4- 6 || total
-------------------------+-------+-------++-------
Melee: Unarmed           |    52 |   103 ||   155
       Constrict         |    16 |    31 ||    47
       Tentacles         |     4 |    25 ||    29
       Punch             |     2 |       ||     2
       Kick              |     5 |     4 ||     9
Throw: Stone             |       |     2 ||     2
 Cast: Beastly Appendage |     5 |     9 ||    14
 Stab: Sleeping          |     2 |     6 ||     8
Armor: Skin              |     8 |     8 ||    16
Dodge: Dodged            |    32 |    45 ||    77

Table legend: (Time is in decaauts)
 A = Elapsed time spent in this place.
 B = Non-inter-level travel time spent in this place.
 C = Inter-level travel time spent in this place.
 D = Time resting spent in this place.
 E = Time spent auto-exploring this place.
 F = Levels seen in this place.
 G = Mean time per level.
                   A        B        C        D        E       F      G
               +--------+--------+--------+--------+--------+-----+--------+
         Total |   2990 |   2937 |     53 |    707 |   1756 |   3 |  996.7 |
       Dungeon |   2990 |   2937 |     53 |    707 |   1756 |   3 |  996.7 |
               +--------+--------+--------+--------+--------+-----+--------+

Top non-repeatable levels by time:
     D:2: 1493 daAuts
     D:1: 875 daAuts
     D:3: 621 daAuts
